 Dungeon Crawl Stone Soup version 0.30.0 (webtiles) character file.

Game seed: 17169533867266925877

153 Janerl the Stinger (level 5, -6/24 HPs)
             Began as a Spriggan Venom Mage on May 6, 2023.
             Mangled by Robin
             ... wielding a +6 spear of venom
              (7 damage)
             ... on level 4 of the Dungeon.
             The game lasted 00:18:09 (2994 turns).

Janerl the Stinger (Spriggan Venom Mage)            Turns: 2994, Time: 00:18:09

Health: -6/24      AC:  2    Str:  2 (4)  XL:     5   Next: 12%
Magic:  1/11       EV: 17    Int: 15 (16) God:
Gold:   136        SH:  0    Dex: 13 (16) Spells: 7/11 levels left

rFire   . . .        v - +1 short sword (elec)
rCold   . . .        (no shield)
rNeg    . . .        a - +0 robe
rPois   .            (helmet restricted)
rElec   .            (no cloak)
rCorr   .            (gloves unavailable)
SInv    +            (boots unavailable)
Will    .....        (no amulet)
Stlth   ++           (no ring)
HPRegen 0.24/turn    (no ring)
MPRegen 0.12/turn

%: no passive effects
@: lethally poisoned (-6 -> -15), very quick
A: very small, no large weapons, unfitting armour, see invisible, speed 3, weak
1
a: no special abilities


You were on level 4 of the Dungeon.
You visited 1 branch of the dungeon, and saw 4 of its levels.

You collected 136 gold pieces.

Inventory:

Hand Weapons
 f - a +0 dagger
 i - a +0 sling
 v - a +1 short sword of electrocution (weapon)
Armour
 a - a +0 robe (worn)
Magical Staves
 c - a staff of fire
Scrolls
 e - a scroll of acquirement {unknown}
 g - a scroll of poison {unknown}
 l - 2 scrolls of magic mapping {unknown}
 n - a scroll of enchant armour {unknown}
 o - 3 scrolls of identify {unknown}
 r - a scroll of fog {unknown}
 t - a scroll of vulnerability {unknown}
 u - a scroll of fear {unknown}
Potions
 b - 2 potions of magic
 d - a potion of curing {unknown}
 h - a potion of flight {unknown}
 j - a potion of mutation
 k - a potion of degeneration
 m - a potion of might {unknown}
 p - a potion of brilliance {unknown}
 q - a potion of invisibility {unknown}
 s - 2 potions of cancellation {unknown}


   Skills:
 + Level 0.8 Short Blades
 + Level 2.9 Dodging
 + Level 3.7 Stealth
 + Level 3.9 Spellcasting
 + Level 2.6 Transmutations
 + Level 0.1 Air Magic
 + Level 4.4 Poison Magic


You had 7 spell levels left.
You knew the following spells:

 Your Spells              Type           Power      Damage    Failure   Level
a - Sting                 Tmut/Pois      52%        1d5       4%          1
b - Shock                 Conj/Air       12%        1d3       17%         1
c - Poisonous Vapours     Pois/Air       18%        N/A       11%         2

Your spell library contained the following spells:

 Spells                   Type           Power      Damage    Failure   Level
 Momentum Strike          Conj/Tloc      6%         3d8       26%         2
 Blink                    Tloc           4%         N/A       28%         2
 Lesser Beckoning         Tloc           4%         N/A       28%         2
 Mephitic Cloud           Conj/Pois/Air  7%         N/A       28%         3
 Olgreb's Toxic Radiance  Pois           16%        N/A       28%         4
 Swiftness                Air            3%         N/A       45%         3
 Airstrike                Air            1%         2d(1-17)  86%         4


Dungeon Overview and Level Annotations

Branches:
Dungeon (4/15)
 Temple: D:4-7

Altars:
Qazlal
Trog

Annotations:
D:4 Robin


Innate Abilities, Weirdness & Mutations

You are very small and have problems with some larger weapons.
You are too small for most types of armour.
You have supernaturally acute eyesight. (SInv)
You cover ground extremely quickly. (Speed+++)
You are weak. (Str -2)


Message History

Confirm with . or Enter, or press ? or * to list all spells.
You don't have enough magic to cast this spell.
The giant cockroach closely misses you.
You hit the giant cockroach but do no damage.
The giant cockroach barely misses you.
You hit the giant cockroach.
Lightning courses through the giant cockroach!
You kill the giant cockroach!
The dart slug bites you.
You hit the dart slug.
Lightning courses through the dart slug!
You kill the dart slug!
Robin completely misses you.
A goblin comes into view. It is wielding a +0 dagger.
Robin hits you with a +6 spear of venom!
You are lethally poisoned!
You see here a dart slug corpse.
You closely miss Robin.
Robin is severely wounded.
* * * LOW HITPOINT WARNING * * *
You feel very sick.
Robin flexes a bicep menacingly.
Robin roars a battlecry!
The goblin goes into a battle-frenzy!
You hear a shout!
It was a potion of mutation.
You feel extremely strange.
You feel weaker.
* * * LOW HITPOINT WARNING * * *
You feel very sick.
You hear a shout!
Robin barely misses you.
It was a potion of degeneration.
There was something very wrong with that liquid.
You feel weakened.
You feel dopey.
You feel clumsy.
* * * LOW HITPOINT WARNING * * *
You feel very sick.
A goblin comes into view. It is wielding a +0 dagger.
Robin says, "Kneel, worm!"
Robin hits you with a +6 spear of venom!
You die...

..# ##..##.)#
.######..#...#
.............#
##.......g...#
#)..........# #
##.......g.## .#
#########..######.###
. ##g..g......# .#
#####@#....f # #.#
#.. #.# #.# #.#
#....# #.#### .. ..#


You could see Robin and 2 goblins.

Vanquished Creatures
  Jessica (D:2)
  Natasha (D:3)
  An adder (D:2)
  3 worms (D:2)
  A dart slug (D:4)
  An orc (D:3)
  4 ball pythons
  5 bats
  8 endoplasms
  12 giant cockroaches
  4 hobgoblins
  3 jackals (D:1)
  3 quokkas
  2 frilled lizards (D:3)
  9 goblins
  8 kobolds
  6 rats
72 creatures vanquished.

Notes
Turn   | Place    | Note
-------+----------+-------------------------------------------
     0 | D:1      | Janerl the Spriggan Venom Mage began the quest for the Orb.
     0 | D:1      | Reached XP level 1. HP: 9/9 MP: 5/5
   112 | D:1      | Reached XP level 2. HP: 13/13 MP: 2/6
   428 | D:1      | Found a faded altar of an unknown god.
   683 | D:2      | Noticed Jessica
   841 | D:2      | Reached XP level 3. HP: 13/16 MP: 6/8
   917 | D:2      | Found a stormy altar of Qazlal.
  1316 | D:2      | Killed Jessica
  1317 | D:2      | Reached skill level 4 in Poison Magic
  1317 | D:2      | Reached XP level 4. HP: 14/21 MP: 5/10
  2073 | D:3      | Found a bloodstained altar of Trog.
  2094 | D:3      | Learned a level 1 spell: Shock
  2220 | D:3      | Learned a level 2 spell: Poisonous Vapours
  2522 | D:3      | Noticed Natasha
  2600 | D:3      | Killed Natasha
  2601 | D:3      | Reached XP level 5. HP: 14/24 MP: 4/11
  2941 | D:4      | Noticed Robin
  2993 | D:4      | Gained mutation: You are weak. (Str -2) [potion of
                  | mutation]
  2994 | D:4      | HP: 1/24 [poisoned by Robin]
  2994 | D:4      | Mangled by Robin

Illustrated notes

Levels and vault maps discovered:
D:1:      dpeg_arrival_stonehenge_8_columns, layout_rooms,
          shapermc_ecumenical_altar_petra, chequers_serial_rivers_micro_a
D:2:      minmay_roachtagon, layout_basic, basic_altar, uniq_jessica
D:3:      layout_loops_ring, mainiacjoe_overflow_alcove_4, uniq_natasha
D:4:      layout_rooms, gammafunk_ghost_necromancy, uniq_robin, uniq_eustachio,
          uniq_duvessa

Skill      XL: |  1  2  3 |
---------------+----------+-----
Spellcasting   | 3 |  3.9
Transmutations | 2 |  2.6
Poison Magic   | 4 |  4.4
Short Blades   | |  0.8
Dodging        | |  2.9
Stealth        | |  3.7
Air Magic      | |  0.1

Action                     |  1- 3 |  4- 6 || total
---------------------------+-------+-------++-------
  Melee: Staff             |     9 |       ||     9
         Dagger            |    36 |    28 ||    64
         Short sword       |       |    18 ||    18
   Cast: Sting             |    43 |    34 ||    77
         Shock             |       |    13 ||    13
         Poisonous Vapours |       |    12 ||    12
    Use: Potion            |       |     2 ||     2
 Armour: Robe              |     5 |     1 ||     6
  Dodge: Dodged            |    36 |    34 ||    70
